 Dungeon Crawl Stone Soup version 0.32-a0-999-gfa1cc04b1d (webtiles) character file.

Game seed: 170037208123624140

3216 ezpacito the Chopper (level 9, 0/103 HPs)
             Began as a Coglin Chaos Knight on Apr 24, 2024.
             Was a Plaything of Xom.
             Succumbed to a killer bee's poison
             ... on level 10 of the Dungeon.
             The game lasted 00:08:49 (8159 turns).

ezpacito the Chopper (Coglin Chaos Knight)          Turns: 8159, Time: 00:08:49

Health: 0/103      AC: 24    Str: 17    XL:     9   Next: 97%
Magic:  13/13      EV:  2    Int:  9    God:    Xom [....*.]
Gold:   153        SH:  0    Dex: 14    Spells: 2/13 levels left

rFire   . . .        l - +1 triple sword (elec) {Akhenaten}
rCold   . . .        (shield currently unavailable)
rNeg    . . .        G - melded +1 acid dragon scales
rPois   +            (helmet currently unavailable)
rElec   .            b - melded +0 cloak
rCorr   .            s - melded +0 pair of gloves
SInv    .            f - melded +1 pair of boots
Will    .....        (amulet unavailable)
Stlth   ++           (ring unavailable)
HPRegen 0.37/turn    (ring unavailable)
MPRegen 0.13/turn    (no gizmo)

%: no passive effects
@: mighty, lethally poisoned (0 -> -1), tree-form, revved
A: stationary, stasis, torment immunity, boosted hp, off-hand wielding, slow
wielding, warmup strikes, no jewellery, (antennae 1), dopey 1, inability to read
after injury 1
a: Invent Gizmo, Renounce Religion


You were on level 10 of the Dungeon.
You worshipped Xom.
You were a beloved toy of Xom.
You were a tree.
You visited 2 branches of the dungeon, and saw 11 of its levels.

You collected 373 gold pieces.
You spent 220 gold pieces at shops.

Inventory:

Hand Weapons
 a - a +0 hand axe of chaos {Araceli}
 c - a +0 orcbow
 l - a +1 triple sword of electrocution (weapon) {Akhenaten}
 p - a +1 falchion of flaming
 r - a +4 vampiric hand axe
 y - a +0 trident
 A - the +6 hammer "Naklum" {heavy, rF++ Will- SInv}
   (You found it on level 6 of the Dungeon)

   rF++:      It greatly protects you from fire.
   Will-:     It decreases your willpower.
   SInv:      It lets you see invisible.
 H - a +0 war axe
Missiles
 E - 2 throwing nets (quivered)
Armour
 b - a +0 cloak (melded)
 f - a +1 pair of boots (melded)
 j - a +1 helmet of see invisible
 k - +0 fire dragon scales
 s - a +0 pair of gloves (melded)
 G - +1 acid dragon scales (melded)
 I - a +0 plate armour
Wands
 i - a wand of warping (7)
 m - a wand of mindburst (12)
 F - a wand of flame (19)
Scrolls
 e - a scroll of enchant weapon
 t - 4 scrolls of teleportation
 u - a scroll of vulnerability
 D - a scroll of poison
Potions
 d - a potion of might


   Skills:
 * Level 6.0 Fighting
 - Level 0.1 Long Blades
 * Level 6.1(7.0) Axes
 * Level 4.6(5.9) Polearms
 * Level 5.1 Armour
 * Level 4.7 Dodging
 + Level 3.1 Stealth
 + Level 2.8 Spellcasting
 + Level 1.3 Hexes
 + Level 1.3 Necromancy
 + Level 1.4 Translocations
 + Level 1.1 Air Magic
 + Level 2.8 Evocations


You had 2 spell levels left.
You knew the following spells:

 Your Spells              Type           Power      Damage    Failure   Level
a - Confusing Touch       Hex            3%         N/A       47%         3
b - Vhi's Electric Charg  Tloc/Air       6%         N/A       87%         4
s - Slow                  Hex            12%        N/A       19%         1
x - Vampiric Draining     Necr           3%         2d6       47%         3

Your spell library contained the following spells:

 Spells                   Type           Power      Damage    Failure   Level
 Volatile Blastmotes      Fire/Tloc      4%         2d10      56%         3
 Gell's Gavotte           Tloc           1%         2d(12-17) 100%        6


Dungeon Overview and Level Annotations

Branches:
Dungeon (11/15)            Temple (1/1) D:6
   Lair: D:8-11         Orc: D:9-12

Altars:
Ashenzari
Cheibriados
Dithmenos
Elyvilon
Fedhas
Gozag
Hepliaklqana
Kikubaaqudgha
Makhleb
Nemelex Xobeh
Okawaru
Qazlal
Ru
Sif Muna
Trog
Uskayaw
Vehumet
Wu Jian
Xom
Yredelemnul
Zin
The Shining One

Shops:
D:1 :


Innate Abilities, Weirdness & Mutations

You are a tree.
Your roots penetrate the ground, keeping you stationary.
You cannot be teleported.
You are immune to unholy pain and torment.
Your maximum health is greatly increased.
Your equipment is partially melded.
You can wield a second weapon in your off-hand.
It takes a long time for you to wield or remove held weapons.
Your first few attacks do less damage.
You cannot equip rings or amulets.
((You have a pair of small antennae on your head.))
You are dopey. (Int -2)
You occasionally lose the ability to read scrolls when taking damage.


Message History

You take 2 damage, and have 3/69 hp.
Blink to where?
Press: ? - help, Dir - move target 2 howler monkeys come into view.
As you read the scroll of blinking, it crumbles to dust.
* * * LOW HITPOINT WARNING * * *
You feel sick.
Okay, then.
Blink to where?
Press: ? - help, Dir - move target
As you read the scroll of blinking, it crumbles to dust.
* * * LOW HITPOINT WARNING * * *
You feel sick.
The howler monkey howls!
The howler monkey hoots and howls with incredible vigour!
The howler monkey howls!
You hear a bellow! x3
You take 1 damage, and have 2/69 hp.
Aiming: Warp Space
Press: ? - help, Shift-Dir - straight line Space twists violently!
The rupture engulfs the howler monkey!
The howler monkey is severely wounded.
The rupture engulfs the howler monkey!!
The howler monkey blinks!
You kill the howler monkey!
* * * LOW HITPOINT WARNING * * *
You feel sick.
You take 1 damage, and have 1/69 hp.
You turn into a tree.
Your +0 cloak melds into your body.
Your +0 pair of gloves melds into your body.
Your +1 pair of boots melds into your body.
Your +1 acid dragon scales melds into your body.
Your roots penetrate the ground.
* * * LOW HITPOINT WARNING * * *
You feel sick.
The howler monkey hits you but does no damage.
You now have 2/103 hp.
You slice the howler monkey!!
Lightning courses through the howler monkey!
You kill the howler monkey!
You die...
Xom guffaws!

#y.#
#..#
#..#
#..#
#..#
#..#
#..#
#..#
#.h#
∆
#..#
#..#
#.♣#
#..#
∆
#..#
#..†
∆
#...
#....
#..##
...#


You could see a howler monkey.

Vanquished Creatures
  Grinder (D:6)
  4 yaks (D:11)
  Menkaure (D:6)
  A water moccasin (D:6)
  An orc warrior (D:7)
  2 sky beasts
  An ogre (D:4)
  A centaur (D:8)
  2 phantoms
  A gnoll sergeant (D:6)
  3 scorpions
  4 wights (D:6)
  A killer bee (shapeshifter) (D:6)
  5 bombardier beetles
  5 howler monkeys
  2 hounds
  3 jellies
  3 orc priests
  Crazy Yiuf (D:6)
  2 sleepcaps
  4 iguanas
  2 orc wizards
  Robin (D:4)
  9 gnolls
  9 adders
  3 white imps
  5 ribbon worms
  3 dart slugs
  15 orcs
  7 endoplasms
  5 giant cockroaches
  14 goblins
  8 hobgoblins
  19 jackals
  5 quokkas
  4 ball pythons
  5 bats
  A frilled lizard (D:1)
  12 kobolds
  3 rats
178 creatures vanquished.

Vanquished Creatures (collateral kills)
  A gnoll sergeant (D:7)
  A gnoll (D:7)
  A goblin (D:4)
3 creatures vanquished.

Grand Total: 181 creatures vanquished

Notes
Turn   | Place    | Note
-------+----------+-------------------------------------------
     0 | D:1      | ezpacito the Coglin Chaos Knight began the quest for the
                  | Orb.
     0 | D:1      | Reached XP level 1. HP: 18/18 MP: 1/1
    36 | D:1      | XOM: silly message
   130 | D:1      | Reached skill level 1 in Dodging
   191 | D:1      | Reached XP level 2. HP: 24/24 MP: 2/2
   241 | D:1      | Found Votheq's Book Shoppe.
   288 | D:1      | XOM: silly message
   465 | D:1      | Reached XP level 3. HP: 23/29 MP: 3/3
   558 | D:1      | Reached skill level 1 in Polearms
   567 | D:1      | XOM: god gift: +1 triple sword of electrocution
   701 | D:1      | XOM: give mutations
   701 | D:1      | Gained mutation: You have a pair of small antennae on your
                  | head. [Xom's mischief]
   701 | D:1      | Gained mutation: A frigid envelope surrounds you and
                  | freezes all who hurt you. [Xom's mischief]
   701 | D:1      | Gained mutation: You occasionally lose the ability to read
                  | scrolls when taking damage. [Xom's mischief]
   701 | D:1      | Gained mutation: Your spells are a little easier to cast,
                  | but a little less powerful. [Xom's mischief]
  1053 | D:2      | Reached XP level 4. HP: 32/35 MP: 4/4
  1871 | D:2      | XOM: silly message
  2143 | D:3      | Found a faded altar of an unknown god.
  2144 | D:3      | XOM: silly message
  2263 | D:3      | Reached XP level 5. HP: 41/41 MP: 5/5
  2476 | D:3      | XOM: silly message
  2773 | D:4      | Noticed Robin
  2774 | D:4      | XOM: summons friendly ufetubus
  2827 | D:4      | Killed Robin
  2868 | D:4      | Found a radiant altar of Vehumet.
  3037 | D:4      | Reached skill level 1 in Stealth
  3037 | D:4      | Reached skill level 1 in Spellcasting
  3037 | D:4      | Reached XP level 6. HP: 41/48 MP: 7/7
  3119 | D:4      | XOM: smoke on damage
  3622 | D:4      | XOM: god gift: quarterstaff {god gift}
  3683 | D:4      | Found a shimmering altar of Xom.
  3825 | D:4      | XOM: destruction
  3937 | D:5      | Entered Level 5 of the Dungeon
  3966 | D:5      | Reached XP level 7. HP: 54/54 MP: 7/9
  4263 | D:5      | XOM: confuse monster(s)
  4705 | D:6      | Reached XP level 8. HP: 53/61 MP: 10/10
  4734 | D:6      | XOM: 8-stop teleportation journey
  4758 | D:6      | Found a runed translucent door.
  4759 | D:6      | Noticed Crazy Yiuf
  4765 | D:6      | Killed Crazy Yiuf
  4769 | D:6      | Identified the +6 hammer "Naklum" {heavy, rF++ Will- SInv}
  4872 | D:6      | Found a staircase to the Ecumenical Temple.
  4875 | D:6      | Noticed Menkaure
  4882 | D:6      | Killed Menkaure
  4893 | Temple   | Entered the Ecumenical Temple
  4957 | D:6      | Noticed Maggie
  4960 | D:6      | Maggie changed into Maggie the shapeshifter
  4960 | D:6      | Noticed Maggie (shapeshifter)
  4960 | D:6      | XOM: polymorph Maggie -> Maggie the shapeshifter
  4960 | D:6      | Maggie the shapeshifter changed into Maggie the crocodile
  5076 | D:6      | Reached skill level 1 in Evocations
  5078 | D:6      | Reached skill level 5 in Axes
  5088 | D:6      | Reached skill level 5 in Fighting
  5495 | D:6      | Found a broken altar of Ashenzari.
  5560 | D:6      | Noticed Grinder
  5567 | D:6      | XOM: god gift: falchion {god gift}
  5572 | D:6      | XOM: cast spell 'Cause Fear'
  5600 | D:6      | XOM: summons friendly crimson imp
  5616 | D:6      | Killed Grinder
  5617 | D:6      | Reached XP level 9. HP: 44/68 MP: 12/12
  6072 | D:6      | Found a hazy altar of Hepliaklqana.
  6324 | D:1      | Bought a book of Debilitation for 220 gold pieces
  6326 | D:1      | Learned a level 1 spell: Slow
  6330 | D:1      | Learned a level 3 spell: Confusing Touch
  6334 | D:1      | Learned a level 3 spell: Vampiric Draining
  6339 | D:1      | Learned a level 4 spell: Vhi's Electric Charge
  7096 | D:7      | XOM: scenery: create altars
  7155 | D:7      | XOM: potion effect (might)
  7167 | D:7      | XOM: polymorph butterfly -> iguana
  7391 | D:7      | XOM: fake destruction
  7397 | D:7      | XOM: cloud trail
  7837 | D:8      | Reached skill level 1 in Translocations
  7841 | D:8      | Lost mutation: Your spells are a little easier to cast, but
                  | a little less powerful. [potion of mutation]
  7841 | D:8      | Lost mutation: A frigid envelope surrounds you and freezes
                  | all who hurt you. [potion of mutation]
  7841 | D:8      | Gained mutation: You are dopey. (Int -2) [potion of
                  | mutation]
  7872 | D:8      | You fall into a shaft and drop 3 floors!
  7889 | D:11     | Reached skill level 1 in Hexes
  7889 | D:11     | Reached skill level 1 in Necromancy
  7892 | D:11     | Reached skill level 1 in Air Magic
  7894 | D:11     | Reached skill level 5 in Armour
  7896 | D:11     | XOM: smoke on damage
  8005 | D:10     | Entered Level 10 of the Dungeon
  8030 | D:10     | XOM: 1-stop teleportation journey
  8112 | D:10     | XOM: summons friendly quasit
  8117 | D:10     | XOM: divination: detect items
  8130 | D:10     | XOM: summons friendly ufetubus
  8154 | D:10     | HP: 3/69 [poisoned by a killer bee]
  8157 | D:10     | HP: 1/69 [poisoned by a killer bee]
  8159 | D:10     | Succumbed to a killer bee's poison

Illustrated notes

Levels and vault maps discovered:
D:1:      minmay_arrival_hallway, layout_loops_ring, serial_shops, shop,
          minmay_misc_feat_tower, minmay_strange_pillars
D:2:      kennysheep_six_static_rooms, layout_basic
D:3:      layout_basic, ebering_ecumenical_altar_box, serial_curves,
          eino_curves_01, eino_curves_04
D:4:      layout_cave_pods, regret_index_xom_buried_treasure,
          general_overflow_altar, uniq_robin
D:5:      layout_gridville
D:6:      layout_cave_pools, nicolae_hepliaklqana_hippocampus,
          ashenzari_altar_1, minmay_temple_entry_arrows,
          serial_co_window_serial, co_window_paths_a, co_window_corner_a,
          co_window_corner_a, co_window_corner_a, co_window_corner_a,
          co_window_cross_2, co_window_2corner, co_window_unsneaky_path_c,
          co_window_of_opportunity_c, co_window_2corner, co_window_paths_c,
          glass_columns_a, glass_columns_c, glass_columns_b, glass_columns_b,
          uniq_menkaure, uniq_maggie, uniq_crazy_yiuf_cottage, uniq_grinder
D:7:      layout_cave_pods, chequers_serial_rivers_large_a,
          hangedman_decor_diamond_cutter
D:8:      layout_loops_ring, kennysheep_nondescript
D:10:     layout_long_grid, orc_0_dummy
D:11:     layout_roguey, minmay_misc_feat_iff, minmay_shattered_shrine,
          uniq_josephine, uniq_fannar, uniq_lodul, uniq_urug
Temple:   eino_narrow_crystal_temple

Skill      XL: |  1  2  3  4  5  6  7  8  9 |
---------------+----------------------------+-----
Dodging        | 1 2 3 4 |  4.7
Armour         | 2 3 4 5 |  5.1
Polearms       | 1 2 3 4 |  4.6
Stealth        | 1 2 3 |  3.1
Spellcasting   | 1 2 |  2.8
Axes           | 4 5 6 |  6.1
Fighting       | 4 5 6 |  6.0
Evocations     | 2 |  2.8
Translocations | 1 |  1.4
Hexes          | 1 |  1.3
Necromancy     | 1 |  1.3
Air Magic      | 1 |  1.1
Long Blades    | |  0.1

Action                     |  1- 3 |  4- 6 |  7- 9 || total
---------------------------+-------+-------+-------++-------
  Melee: Hand axe          |    57 |       |       ||    57
         Dagger            |    55 |       |       ||    55
         Triple sword      |    17 |    73 |   151 ||   241
  Evoke: Wand              |       |       |     1 ||     1
    Use: Scroll            |       |    12 |    10 ||    22
         Potion            |       |       |    11 ||    11
   Stab: Sleeping          |     1 |       |     1 ||     2
         Invisible         |       |       |     3 ||     3
         Distracted        |       |       |     1 ||     1
 Armour: Leather armour    |    37 |       |       ||    37
         Fire dragon scale |    15 |    88 |   102 ||   205
         Acid dragon scale |       |       |   125 ||   125
         Skin              |       |       |     1 ||     1
  Dodge: Dodged            |    47 |    48 |   139 ||   234

Table legend: (Time is in decaauts)
 A = Elapsed time spent in this place.
 B = Non-inter-level travel time spent in this place.
 C = Inter-level travel time spent in this place.
 D = Time resting spent in this place.
 E = Time spent auto-exploring this place.
 F = Levels seen in this place.
 G = Mean time per level.
                   A        B        C        D        E       F      G
               +--------+--------+--------+--------+--------+-----+--------+
         Total |   8367 |   7746 |    621 |    251 |   6218 |  11 |  760.6 |
       Dungeon |   8318 |   7697 |    621 |    251 |   6170 |  10 |  831.8 |
        Temple |     49 |     49 |      0 |      0 |     48 |   1 |   49.0 |
               +--------+--------+--------+--------+--------+-----+--------+

Top non-repeatable levels by time:
     D:6: 1511 daAuts
     D:2: 1322 daAuts
     D:7: 1270 daAuts
     D:4: 1221 daAuts
     D:1: 878 daAuts
     D:3: 877 daAuts
     D:5: 776 daAuts
    D:10: 174 daAuts
    D:11: 146 daAuts
     D:8: 139 daAuts
  Temple: 49 daAuts
